 Dungeon Crawl Stone Soup version 0.24.0-123-gd5b16e6ec5 (webtiles) character file.

Game seed: 10467376220011944896, levelgen mode: deterministic

2420 Garessta the Fighter (level 9, 0/66 HPs)
             Began as an Octopode Transmuter on Feb 3, 2020.
             Was a Follower of the Shining One.
             Slain by a killer bee (4 damage)
             ... on level 8 of the Dungeon.
             The game lasted 00:42:09 (11232 turns).

Garessta the Fighter (Octopode Transmuter)         Turns: 11232, Time: 00:42:10

Health: 0/66       AC:  1    Str:  9    XL:     9   Next: 48%
Magic:  20/23      EV: 15    Int: 15    God:    the Shining One [*.....]
Gold:   211        SH:  0    Dex: 17    Spells: 4/15 levels left

rFire    . . .     SeeInvis .     - Unarmed
rCold    . . .     Gourm    .   (shield currently unavailable)
rNeg     . . .     Faith    .   (helmet restricted)
rPois    .         Spirit   .   y - amulet of rage
rElec    .         Reflect  .   v - ring of magical power
rCorr    .         Harm     .   n - +3 ring of dexterity
MR       .....                  f - ring of stealth
Stlth    ++........             (no ring)
HPRegen  0.21/turn              (no ring)
MPRegen  0.18/turn              (no ring)
                                (no ring)
                                (no ring)

@: blade tentacles, glowing, studying Translocations
A: almost no armour, stealthy swim, amphibious, 8 rings, constrict 8, camouflage
2, dopey 1, gelatinous body 1
a: End Transformation, Renounce Religion, Evoke Berserk Rage


You were on level 8 of the Dungeon.
You worshipped the Shining One.
The Shining One was aware of your devotion.
You were hungry.
You had blades for tentacles.
You visited 2 branches of the dungeon, and saw 9 of its levels.

You collected 436 gold pieces.
You spent 225 gold pieces at shops.

Inventory:

Missiles
 a - 92 arrows
Jewellery
 f - a ring of stealth (on tentacle)
 n - a +3 ring of dexterity (right scythe-like blade)
 v - a ring of magical power (left scythe-like blade)
 y - an amulet of rage (around mantle)
Wands
 w - a wand of random effects (33)
 A - a wand of acid (10)
 C - a wand of polymorph (8)
 F - a wand of iceblast (6)
Scrolls
 d - a scroll of immolation
 e - a scroll of fog {unknown}
 g - 2 scrolls of enchant weapon
 h - 4 scrolls of remove curse
 i - 2 scrolls of blinking
 j - a scroll of amnesia {unknown}
 l - 2 scrolls of magic mapping
 m - 3 scrolls of teleportation
 x - a scroll of vulnerability {unknown}
 B - a scroll of enchant armour {unknown}
Potions
 b - 2 potions of ambrosia
 o - a potion of resistance {unknown}
 p - a potion of lignification {unknown}
 q - a potion of might
 r - a potion of heal wounds {unknown}
 s - 2 potions of flight
 t - a potion of cancellation {unknown}
 z - 2 potions of invisibility
 E - a potion of berserk rage {unknown}
Books
 u - a manual of Translocations
Comestibles
 c - 16 rations
 D - 2 chunks of flesh


   Skills:
 * Level 8.2 Fighting
 + Level 3.7 Dodging
 + Level 4.4 Unarmed Combat
 + Level 3.5 Spellcasting
 + Level 7.7 Transmutations


You had 4 spell levels left.
You knew the following spells:

 Your Spells              Type           Power        Failure   Level  Hunger
a - Beastly Appendage     Tmut           ####..       14%         1    None
b - Sticks to Snakes      Tmut           ####....     17%         2    ##.....
c - Spider Form           Tmut/Pois      ##........   50%         3    ###....
d - Blade Hands           Tmut           ####......   65%         5    ######.

Your spell library contained the following spells:

 Spells                   Type           Power        Failure   Level  Hunger
 Ice Form                 Ice/Tmut       ##......     78%         4    ####...


Dungeon Overview and Level Annotations

Branches:
Dungeon (8/15)             Temple (1/1) D:5
   Lair: D:8-11

Altars:
Ashenzari
Cheibriados
Dithmenos
Elyvilon
Fedhas
Gozag
Hepliaklqana
Kikubaaqudgha
Makhleb
Nemelex Xobeh
Okawaru
Qazlal
Ru
Sif Muna
Trog
Uskayaw
Vehumet
Wu Jian
Xom
Yredelemnul
Zin
The Shining One

Shops:
D:5 *


Innate Abilities, Weirdness & Mutations

You cannot wear most types of armour.
You are very stealthy in the water. (Stealth+)
You are amphibious.
You can wear up to eight rings at the same time.
You can use your tentacles to constrict eight enemies at once.
Your skin blends seamlessly with your surroundings (Stealth++).
Your rubbery body absorbs attacks. (AC +1, EV +1)
You are dopey. (Int -2)


Message History

The killer bee poisons you!
You feel better. The killer bee stings you!
* * * LOW HITPOINT WARNING * * *
You are poisoned.
The killer bee poisons you! The killer bee misses you.
The killer bee closely misses you. x2; The killer bee stings you.
* * * LOW HITPOINT WARNING * * *
You are lethally poisoned!
The killer bee poisons you! The killer bee barely misses you.
You feel better. The killer bee barely misses you. The killer bee stings you!
* * * LOW HITPOINT WARNING * * *
The killer bee stings you.
* * * LOW HITPOINT WARNING * * *
The killer bee stings you.
* * * LOW HITPOINT WARNING * * *
The killer bee completely misses you. x2
As you read the scroll labeled YSAGOU OXAAST, it crumbles to dust.
The creatures around you are filled with an inner flame!
It was a scroll of immolation.
The killer bee stings you.
You die...

#............#
#.......######
+.......#
#.......#
#.......#
#.......#
#.......#
#.......#
#.....y@#
#.....yy+
#......y#
#........
#........
#.........
+.........
#.../......


You could see 4 killer bees.

Vanquished Creatures
  A hippogriff (D:7)
  An orc warrior (D:7)
  A phantom (D:5)
  A sky beast (D:5)
  A centaur (D:5)
  A big kobold (D:7)
  2 bullfrogs
  A scorpion (D:6)
  6 killer bees
  4 wights (D:6)
  3 howler monkeys
  A bullfrog zombie (D:6)
  4 crimson imps
  3 hounds
  An orc priest (D:4)
  A jelly (D:6)
  2 centaur skeletons
  3 iguanas
  5 orc wizards
  4 worker ants
  A hound zombie (D:7)
  9 adders
  2 gnolls (D:6)
  2 shadow imps
  An ooze (D:4)
  An adder skeleton (D:6)
  A worm (D:3)
  3 dart slugs
  7 leopard geckos
  26 orcs
  5 giant cockroaches
  7 goblins
  3 hobgoblins (D:3)
  8 kobolds
  3 quokkas
  A ball python (D:1)
  A ball python skeleton (D:4)
  8 bats
  3 frilled lizards
  A quokka zombie (D:6)
  5 rats
144 creatures vanquished.

Vanquished Creatures (collateral kills)
  A spriggan (D:7)
  A bullfrog skeleton (D:6)
  6 gnolls (D:6)
  3 kobolds (D:7)
11 creatures vanquished.

Grand Total: 155 creatures vanquished

Notes
Turn   | Place    | Note
-------+----------+-------------------------------------------
     0 | D:1      | Garessta the Octopode Transmuter began the quest for the
                  | Orb.
     0 | D:1      | Reached XP level 1. HP: 13/13 MP: 3/3
   235 | D:1      | Reached XP level 2. HP: 17/18 MP: 3/5
   578 | D:1      | Reached skill level 2 in Fighting
   643 | D:2      | Reached XP level 3. HP: 22/24 MP: 4/6
   647 | D:2      | Learned a level 2 spell: Sticks to Snakes
   651 | D:2      | Learned a level 3 spell: Spider Form
  1061 | D:2      | Reached XP level 4. HP: 17/30 MP: 3/7
  1861 | D:3      | Reached skill level 3 in Fighting
  2084 | D:3      | Reached XP level 5. HP: 35/36 MP: 5/8
  2242 | D:3      | Found a sparkling altar of Nemelex Xobeh.
  2662 | D:4      | Found a snail-covered altar of Cheibriados.
  3119 | D:4      | Reached skill level 4 in Fighting
  3119 | D:4      | Reached XP level 6. HP: 40/43 MP: 5/9
  4156 | D:5      | Entered Level 5 of the Dungeon
  4293 | D:5      | Noticed a sky beast
  4709 | D:5      | Reached skill level 5 in Transmutations
  4846 | D:5      | Found Evvu's Assorted Antiques.
  4858 | D:5      | Bought a golden ring for 125 gold pieces
  5259 | D:5      | Found a staircase to the Ecumenical Temple.
  5265 | Temple   | Entered the Ecumenical Temple
  5572 | Temple   | Became a worshipper of the Shining One
  5699 | D:5      | Reached XP level 7. HP: 43/49 MP: 10/10
  6003 | D:5      | Reached skill level 5 in Fighting
  7701 | D:6      | Reached skill level 6 in Fighting
  7915 | D:6      | Reached * piety under the Shining One
  8255 | D:5      | Bought a scroll of identify for 50 gold pieces
  8255 | D:5      | Bought a scroll of identify for 50 gold pieces
  8257 | D:5      | Gained mutation: You are dopey. (Int -2) [potion of
                  | mutation]
  8257 | D:5      | Gained mutation: Your skin blends seamlessly with your
                  | surroundings (Stealth++). [potion of mutation]
  8324 | D:5      | Reached XP level 8. HP: 32/57 MP: 11/11
  8891 | D:5      | Learned a level 5 spell: Blade Hands
  9147 | D:7      | Reached skill level 7 in Fighting
  9440 | D:7      | Noticed a spriggan baker
  9448 | D:7      | Killed a spriggan baker
  9890 | D:6      | Reached XP level 9. HP: 38/64 MP: 12/13
  9903 | D:6      | HP: 3/65 [wight/cursed +2 dire flail (17)]
 10605 | D:7      | Reached skill level 8 in Fighting
 11232 | D:8      | Slain by a killer bee

Levels and vault maps discovered:
D:1:      eino_arrival_water_cross, layout_rooms
D:2:      layout_loops_corners
D:3:      minmay_diamond_boxcup, layout_loops_ring, nemelex_lonely_heart_becter
D:4:      layout_basic, overflow_temple_1_default, corexii_leaking_fountain,
          minmay_manual_mail
D:5:      layout_loops_ring, minmay_temple_entry_gardened_gates, first_ration,
          serial_shops, shop
D:6:      layout_loops_ring, minmay_misc_feat_room
D:7:      layout_cave_pods, the_bakery
D:8:      layout_gridville, gammafunk_ghost_necromancy, minmay_holes,
          trog_butcher_becter
Temple:   roderic_octagonal_lattice_temple

Skill      XL: |  1  2  3  4  5  6  7  8  9 |
---------------+----------------------------+-----
Fighting       | 2 3 4 6 7 8 |  8.2
Transmutations | 3 4 5 6 7 |  7.7
Dodging        | 3 |  3.7
Spellcasting   | 3 |  3.5
Unarmed Combat | 4 |  4.4

Action                   |  1- 3 |  4- 6 |  7- 9 || total
-------------------------+-------+-------+-------++-------
Melee: Unarmed           |    66 |   175 |   284 ||   525
       Constrict         |    13 |    28 |    28 ||    69
       Kick              |     8 |    16 |    14 ||    38
       Tentacles         |     4 |    16 |    27 ||    47
       Punch             |     2 |     2 |       ||     4
 Cast: Beastly Appendage |    11 |    17 |    10 ||    38
       Spider Form       |     2 |    13 |    20 ||    35
       Sticks to Snakes  |       |    17 |    35 ||    52
       Blade Hands       |       |       |    13 ||    13
  Use: Scroll            |       |     8 |     5 ||    13
       Potion            |       |       |     9 ||     9
 Stab: Sleeping          |     6 |     2 |       ||     8
  Eat: Chunk             |     1 |    13 |    16 ||    30
       Ration            |       |     1 |     4 ||     5
Armor: Skin              |    10 |     4 |    11 ||    25
Dodge: Dodged            |    55 |   130 |   256 ||   441
